 Seeded DCSS version 0.27.1-36-g1b1ada6b1e (webtiles) character file.

Game seed: 20230210 (custom seed)

147 Mickster the Chopper (level 4, -6/36 HPs)
             Began as a Demigod Gladiator on Feb 10, 2023.
             Mangled by an ogre (22 damage)
             ... on level 4 of the Dungeon.
             The game lasted 00:25:19 (2791 turns).

Mickster the Chopper (Demigod Gladiator)            Turns: 2791, Time: 00:25:19

Health: -6/36      AC:  9    Str: 17 (19) XL:     4   Next: 81%
Magic:  6/6        EV:  5    Int: 15 (16) God:
Gold:   31         SH:  7    Dex: 14 (15) Spells: 3/3 levels left

rFire    . . .     SeeInvis .   p - +1 mace (vorpal)
rCold    . . .     Faith    .   l - +0 kite shield
rNeg     . . .     Spirit   .   r - +0 chain mail
rPois    .         Reflect  .   f - +0 helmet
rElec    .         Harm     .   (no cloak)
rCorr    .         Rampage  .   (no gloves)
Will     .....                  (no boots)
Stlth    ..........             (no amulet)
HPRegen  0.12/turn              i - +6 ring of intelligence
MPRegen  0.10/turn              (no ring)

@: no status effects
A: high mp 1, forlorn
a: no special abilities


You were on level 4 of the Dungeon.
You visited 1 branch of the dungeon, and saw 4 of its levels.

You collected 31 gold pieces.

Inventory:

Hand Weapons
 a - a +1 war axe
 p - a +1 vorpal mace (weapon)
 q - a +1 whip of electrocution
Missiles
 d - 3 throwing nets (quivered)
 g - 43 bolts
 n - 29 sling bullets
 o - 6 javelins
 s - 15 arrows
Armour
 f - a +0 helmet (worn)
 l - a +0 kite shield (worn)
 r - a +0 chain mail (worn)
Magical Staves
 h - a staff of conjuration
 k - a staff of fire
Jewellery
 i - a +6 ring of intelligence (left hand)
Wands
 j - a wand of polymorph (8)
Scrolls
 m - a scroll of teleportation
Potions
 b - a potion of degeneration


   Skills:
 + Level 2.2 Fighting
 - Level 4.1 Axes
 * Level 0.2(2.4) Maces & Flails
 - Level 2.0 Throwing
 + Level 1.4 Armour
 + Level 3.1 Dodging
 + Level 0.4 Stealth
 + Level 0.2 Shields


You had 3 spell levels left.
You didn't know any spells.
Your spell library contained the following spells:

 Spells                   Type           Power      Damage    Failure   Level
 Slow                     Hex            0%         N/A       100%        2
 Confusing Touch          Hex            0%         N/A       100%        3
 Vampiric Draining        Necr           0%         2d6       100%        3


Dungeon Overview and Level Annotations

Branches:
Dungeon (4/15)
 Temple: D:4-7


Innate Abilities, Weirdness & Mutations

Your attributes grow dramatically as you level up.
You have an increased reservoir of magic. (+10% MP)
You shall have no god before yourself.


Message History

Found 2 bubbling white potions.
b - 2 bubbling white potions
There are no items here.
It was a potion of degeneration.
There was something very wrong with that liquid.
You feel weakened.
You feel dopey.
You feel clumsy.
Found a stone staircase leading down.
An ogre comes into view. It is wielding a +0 giant spiked club.
The ogre shouts!
The ogre moves out of view.
Throw: 4 throwing nets
Press: ? - help, Q - select action, (/) - cycle Shift-Dir - straight line, f - ogre
Aim: an ogre, wielding a +0 giant spiked club (75% to hit)
You throw a throwing net. The throwing net hits the ogre.
The ogre is caught in the net!
The ogre struggles against the net.
The ogre struggles against the net.
You hit the ogre.
The ogre is lightly wounded.
The ogre struggles against the net.
You hit the ogre.
The ogre is moderately wounded.
The ogre struggles against the net. x2
You hit the ogre.
The ogre is moderately wounded.
The ogre struggles against the net. x2
The net rips apart, and the ogre comes free!
You hit the ogre.
The ogre is heavily wounded.
The ogre barely misses you.
You hit the ogre but do no damage.
The ogre is heavily wounded.
The ogre hits you with a +0 giant spiked club!!
Ouch! That really hurt!
You hit the ogre.
The ogre is severely wounded.
The ogre barely misses you.
The ogre hits you with a +0 giant spiked club!!
Ouch! That really hurt!
You die...

#.# #.# #. #.#
#.### #. #
##.###.... . #.
#..###...##.###
.>####.
#...........#
.......
...###...##.#
..... ##.###.#
#..##########.#
#.#
#..O@.........#
#.#
#.#############
#.. # ###


You could see an ogre.

Vanquished Creatures
  An orc priest (D:3)
  An orc wizard (D:3)
  Ijyb (D:3)
  2 adders (D:2)
  2 worms (D:2)
  A dart slug (D:1)
  3 orcs (D:3)
  4 ball pythons
  6 endoplasms
  2 giant cockroaches (D:1)
  3 goblins (D:1)
  6 jackals
  2 bats (D:1)
  2 kobolds
  5 rats
41 creatures vanquished.

Notes
Turn   | Place    | Note
-------+----------+-------------------------------------------
     0 | D:1      | Mickster the Demigod Gladiator began the quest for the Orb.
     0 | D:1      | Reached XP level 1. HP: 17/17 MP: 3/3
   217 | D:1      | Reached XP level 2. HP: 16/24 MP: 4/4
   338 | D:1      | Reached skill level 3 in Axes
   805 | D:2      | Reached XP level 3. HP: 15/29 MP: 5/5
  1558 | D:2      | Reached skill level 1 in Armour
  2339 | D:3      | Noticed Ijyb
  2352 | D:3      | Reached XP level 4. HP: 32/36 MP: 6/6
  2357 | D:3      | Killed Ijyb
  2364 | D:3      | Reached skill level 4 in Axes
  2781 | D:4      | Noticed an ogre
  2791 | D:4      | Mangled by an ogre

Illustrated notes

Levels and vault maps discovered:
D:1:      psy_arrival_whirlpool, layout_loops_ring
D:2:      layout_loops_ring, hellmonk_ecumenical_altar_dog_temple,
          kennysheep_potato
D:3:      layout_rooms, chequers_temple_overflow_minitemple, uniq_ijyb
D:4:      layout_loops_ring, makhleb_blood_cavern_becter, uniq_natasha

Skill      XL: |  1  2  3  4 |
---------------+-------------+-----
Throwing       | 2 |  2.0
Dodging        | 3 |  3.1
Axes           | 3 4 |  4.1
Fighting       | 2 |  2.2
Armour         | 1 |  1.4
Maces & Flails | |  0.2
Stealth        | |  0.4
Shields        | |  0.2

Action                   |  1- 3 |  4- 6 || total
-------------------------+-------+-------++-------
Melee: War axe           |    94 |       ||    94
       Whip              |     1 |    19 ||    20
       Mace              |       |    12 ||    12
Throw: Stone             |     5 |       ||     5
       Throwing net      |     2 |     1 ||     3
  Use: Scroll            |     4 |     1 ||     5
       Potion            |     1 |     1 ||     2
 Stab: Held in net/web   |     1 |       ||     1
Armor: Leather armour    |    37 |       ||    37
       Skin              |     9 |    12 ||    21
       Chain mail        |       |     2 ||     2
Dodge: Dodged            |    67 |     4 ||    71
Block: Kite shield       |    12 |    12 ||    24
